 Dungeon Crawl Stone Soup version 0.24-a0-537-g2d01d4ab0a (webtiles) character file.

Game seed: 3728114908968927019

151 DasRunzen the Skirmisher (level 5, -2/57 HPs)
             Began as an Ogre Berserker on Aug 13, 2019.
             Was a Believer of Trog.
             Slain by an orc
             ... wielding a +0 flail
              (6 damage)
             ... on level 3 of the Dungeon.
             The game lasted 00:04:56 (1895 turns).

DasRunzen the Skirmisher (Ogre Berserker)           Turns: 1895, Time: 00:04:56

Health: -2/57      AC:  4    Str: 21    XL:     5   Next: 33%
Magic:  5/5        EV: 11    Int:  8    God:    Trog [**....]
Gold:   154        SH:  0    Dex:  9    Spells: 4/4 levels left

rFire    . . .     SeeInvis .   a - +1 mace
rCold    . . .     Gourm    .   (no shield)
rNeg     . . .     Faith    .   b - +0 animal skin
rPois    .         Spirit   .   (helmet restricted)
rElec    .         Reflect  .   (no cloak)
rCorr    .         Harm     .   (gloves unavailable)
MR       ++...                  (boots unavailable)
Stlth    +.........             (no amulet)
HPRegen  1.19/turn              f - +1 ring of protection
MPRegen  0.09/turn              (no ring)

@: regenerating
A: large, unfitting armour, tough skin 1
a: Berserk, Trog's Hand, Renounce Religion


You were on level 3 of the Dungeon.
You worshipped Trog.
Trog was pleased with you.
You were hungry.

You visited 1 branch of the dungeon, and saw 3 of its levels.

You collected 154 gold pieces.

Inventory:

Hand Weapons
 a - a +1 mace (weapon)
Armour
 b - a +0 animal skin (worn)
Jewellery
 f - a +1 ring of protection (left hand)
Potions
 e - a potion of berserk rage
 g - a potion of heal wounds
 i - a potion of agility {unknown}
 j - a potion of invisibility {unknown}
 k - a potion of resistance {unknown}
 n - a potion of curing {unknown}
Comestibles
 c - 3 rations


   Skills:
 + Level 5.4 Fighting
 + Level 3.7 Maces & Flails
 + Level 3.8 Dodging


You had 4 spell levels left.
You didn't know any spells.
Your spell library was empty.

Dungeon Overview and Level Annotations

Branches:
Dungeon (3/15)

Altars:


Innate Abilities, Weirdness & Mutations

You are too large for most types of armour.
You have tough skin. (AC +1)


Message History

The orc priest invokes the aid of Beogh against you.
Beogh smites you!
* * * LOW HITPOINT WARNING * * *
The orc hits you with a +0 flail.
* * * LOW HITPOINT WARNING * * *
Something hits you but does no damage.
You barely miss the orc. Something hits you.
* * * LOW HITPOINT WARNING * * *
The orc barely misses you. The orc closely misses you.
Something hits you but does no damage.
Unknown command.
You barely miss the orc. The orc hits you with a +0 flail.
* * * LOW HITPOINT WARNING * * *
Something hits you.
* * * LOW HITPOINT WARNING * * *
The orc barely misses you. The orc closely misses you.
Unknown command.
You sock something! Something hits you but does no damage.
The orc closely misses you. The orc hits you with a +0 flail.
You die...

# #####....##.########
## #..................
.##...#####....########
..#.#######....#
....#.......##.# .
#.....########.# ..
........######.#####.#..
####..#.........{oo.....
# #..........)@ooo.... #
#####...#†###o..... #
#..#.... ..... #
#.####... .... ... .....
... .. ####.. .8 #.. .
#.#


You could see an orc priest and 5 orcs.

Vanquished Creatures
  An orc priest (D:3)
  A bullfrog skeleton (D:2)
  An orc wizard (D:3)
  2 adders
  An ooze (D:1)
  A worm (D:3)
  2 leopard geckos
  5 orcs
  2 giant cockroaches
  4 hobgoblins
  A quokka (D:3)
  7 bats
  2 frilled lizards (D:1)
  6 goblins
  2 kobolds (D:1)
  5 rats
43 creatures vanquished.

Notes
Turn   | Place    | Note
-------+----------+-------------------------------------------
     0 | D:1      | DasRunzen the Ogre Berserker began the quest for the Orb.
     0 | D:1      | Reached XP level 1. HP: 24/24 MP: 1/1
   201 | D:1      | Reached XP level 2. HP: 32/32 MP: 2/2
   734 | D:2      | Reached XP level 3. HP: 31/41 MP: 3/3
   915 | D:2      | Reached ** piety under Trog
  1022 | D:2      | Reached XP level 4. HP: 45/49 MP: 4/4
  1301 | D:3      | Reached skill level 5 in Fighting
  1380 | D:2      | Reached XP level 5. HP: 19/57 MP: 5/5
  1895 | D:3      | Slain by an orc

Levels and vault maps discovered:
D:1:      mainiacjoe_arrival_reflecting_pool, layout_basic
D:2:      layout_loops_ring
D:3:      layout_rooms, eat_drink_and_be_merry_uskayaw, lemuel_crystal_altar,
          serial_glass, glass_columns_a, glass_columns_c, first_ration

Skill      XL: |  1  2  3  4 |
---------------+-------------+-----
Dodging        | 3 |  3.8
Maces & Flails | 3 |  3.7
Fighting       | 5 |  5.4

Action                   |  1- 3 |  4- 6 || total
-------------------------+-------+-------++-------
Melee: Mace              |    93 |    78 ||   171
Invok: Trog's Hand       |       |     2 ||     2
       Berserk           |       |     1 ||     1
  Use: Scroll            |     2 |     4 ||     6
 Stab: Sleeping          |     2 |       ||     2
  Eat: Chunk             |       |     4 ||     4
Armor: Animal skin       |    45 |    27 ||    72
Dodge: Dodged            |    63 |    49 ||   112

Table legend:
 A = Non-vault XP
 B = Vault XP
 C = Vault XP percentage of total XP
 D = Non-vault monster count
 E = Vault monster count
 F = Vault count percentage of total count
                 A         B        C        D         E       F
            +---------+---------+-------+---------+---------+-------
      Total |     217 |       0 |   0.0 |      43 |       0 |   0.0
            +---------+---------+-------+---------+---------+-------
        D:1 |      32 |       0 |   0.0 |      20 |       0 |   0.0
        D:2 |      70 |       0 |   0.0 |      10 |       0 |   0.0
        D:3 |     115 |       0 |   0.0 |      13 |       0 |   0.0
            +---------+---------+-------+---------+---------+-------
